 Dungeon Crawl Stone Soup version 0.30-a0-757-ga6a79fd877 (webtiles) character file.

Game seed: 10692613707205966104

17397 barkas the Basher (level 11, -4/97 HPs)
             Began as a Demigod Reaver on Feb 10, 2023.
             Slain by a swamp worm (16 damage)
             ... on level 2 of the Lair of Beasts.
             The game lasted 00:31:26 (14061 turns).

barkas the Basher (Demigod Reaver)                 Turns: 14061, Time: 00:31:27

Health: -4/97      AC:  7    Str: 17    XL:     11   Next: 91%
Magic:  22/22      EV: 16    Int: 23    God:
Gold:   880        SH:  4    Dex: 12    Spells: 4/20 levels left

rFire   . . .      SeeInvis .    z - +1 whip (drain)
rCold   . . .      Faith    .    S - +0 buckler
rNeg    . . .      Spirit   .    B - +0 acid dragon scales
rPois   .          Reflect  .    (helmet currently unavailable)
rElec   +          Harm     .    f - scarf {repulsion}
rCorr   +          Rampage  .    k - +0 pair of gloves
Will    ++...                    (boots currently unavailable)
Stlth   +                        N - amulet of regeneration
HPRegen 1.16/turn                C - ring of willpower
MPRegen 0.18/turn                J - +5 ring of evasion

@: appendages, repel missiles
A: horns 2, talons 2, high MP 1, forlorn, divine attributes, electricity
resistance
a: End Transformation


You were on level 2 of the Lair of Beasts.
You had temporarily grown beastly horns and talons.
You visited 2 branches of the dungeon, and saw 13 of its levels.

You collected 910 gold pieces.
You spent 30 gold pieces at shops.

Inventory:

Hand Weapons
 a - a +0 mace
 t - a +2 dire flail of draining
 z - a +1 whip of draining (weapon)
 M - the +1 dagger of Hitaeza {venom, MP+9}
   (You took it off a wight on level 9 of the Dungeon)

   MP:        It affects your magic capacity (+9).
Missiles
 g - 2 javelins
 A - 2 throwing nets
 O - 5 curare-tipped darts
Armour
 f - a scarf of repulsion (worn)
 k - a +0 pair of gloves (worn)
 w - a +0 pair of boots (melded)
 B - +0 acid dragon scales (worn)
 Q - a +2 robe of cold resistance
 S - a +0 buckler (worn)
Jewellery
 e - a ring of protection from cold
 i - a ring of ice
 j - a ring of poison resistance
 C - a ring of willpower (left hand)
 D - a +6 ring of strength
 J - a +5 ring of evasion (right hand)
 K - a ring of protection from fire
 N - an amulet of regeneration (around neck)
 P - a +4 ring of protection
 R - the amulet of Mirth {Spirit *Corrode rF++ rN+ Will+}
   (You found it on level 11 of the Dungeon)

   [amulet of guardian spirit]

   It causes incoming damage to be divided between your reserves of health and
   magic.
   rF:        It greatly protects you from fire.
   rN:        It protects you from negative energy.
   *Corrode:  It may corrode you when you take damage.
   Will:      It increases your willpower.
Wands
 c - a wand of mindburst (3)
 n - a wand of flame (18) (quivered)
 s - a wand of paralysis (5)
Scrolls
 h - 2 scrolls of poison {unknown}
 o - 2 scrolls of magic mapping {unknown}
 q - 2 scrolls of enchant armour {unknown}
 r - 2 scrolls of blinking {unknown}
 y - 2 scrolls of fog {unknown}
 E - 2 scrolls of amnesia {unknown}
 F - 2 scrolls of enchant weapon {unknown}
Potions
 b - a potion of attraction
 m - 2 potions of ambrosia
 p - 2 potions of berserk rage
 u - 5 potions of might
 v - 2 potions of haste
 x - a potion of magic
 G - a potion of flight
 H - a potion of cancellation
 I - 2 potions of resistance
 L - 2 potions of brilliance


   Skills:
 + Level 9.5 Fighting
 * Level 13.3 Maces & Flails
 - Level 1.7 Dodging
 * Level 3.0 Shields
 - Level 5.0 Spellcasting
 * Level 5.1 Conjurations
 - Level 3.0 Hexes
 - Level 1.0 Necromancy
 - Level 1.0 Translocations
 - Level 2.0 Transmutations
 * Level 3.0 Fire Magic


You had 4 spell levels left.
You knew the following spells:

 Your Spells              Type           Power      Damage    Failure   Level
a - Kiss of Death         Conj/Necr      76%        2d11      4%          1
b - Momentum Strike       Conj/Tloc      38%        3d9       7%          2
c - Beastly Appendage     Tmut           28%        N/A       8%          1
d - Hailstorm             Conj/Ice       17%        3d6       17%         3
e - Tukima's Dance        Hex            19%        N/A       14%         3
f - Wereblood             Tmut           14%        N/A       11%         2
g - Sticky Flame          Conj/Fire      24%        2d5       30%         4

Your spell library contained the following spells:

 Spells                   Type           Power      Damage    Failure   Level
 Shock                    Conj/Air       68%        1d7       6%          1
 Lesser Beckoning         Tloc           20%        N/A       17%         2
 Portal Projectile        Hex/Tloc       28%        N/A       22%         3
 Ignite Poison            Fire/Tmut/Pois 13%        N/A       26%         3
 Gell's Gravitas          Tloc           10%        N/A       32%         3
 Spider Form              Tmut/Pois      10%        N/A       32%         3
 Teleport Other           Tloc           10%        N/A       32%         3
 Swiftness                Air            5%         N/A       45%         3
 Airstrike                Air            2%         2d(1-17)  86%         4
 Blade Hands              Tmut           7%         N/A       90%         5
 Ignition                 Fire           9%         3d5       100%        8


Dungeon Overview and Level Annotations

Branches:
Dungeon (11/15)            Temple (0/1) D:5            Lair (2/5) D:11
  Swamp (0/4) Lair:2
  Snake: Lair:2-3    Spider: Lair:2-3       Orc: D:9-12

Shops:
D:2 [[!(

Annotations:
D:4 1 transporter, hikkokomori's ghost, amateur DECj


Innate Abilities, Weirdness & Mutations

You have temporarily grown beastly horns and talons.
You have an increased reservoir of magic. (+10% MP)
You shall have no god before yourself.
Your divine heritage dramatically boosts your attributes as you level up.
You are resistant to electric shocks. (rElec)


Message History

Your Shields skill increases to level 3!
Your Fire Magic skill increases to level 3!
You whack the swamp worm! You headbutt the swamp worm.
The swamp worm is moderately wounded.
The swamp worm bites you!
You hit the swamp worm but do no damage.
You drain the swamp worm. You claw the swamp worm! You headbutt the swamp worm.
The swamp worm is severely wounded.
You barely miss the swamp worm.
The swamp worm is severely wounded.
The swamp worm misses you.
A swamp worm comes into view.
You closely miss the swamp worm.
The swamp worm is severely wounded.
You hit the swamp worm. You drain the swamp worm.
You claw the swamp worm, but do no damage.
The swamp worm is almost dead.
You barely miss the swamp worm.
The swamp worm is almost dead.
The swamp worm bites you!
You barely miss the swamp worm. You claw the swamp worm.
You kill the swamp worm!
The swamp worm bites you!!
* * * LOW HITPOINT WARNING * * *
It was a potion of mutation.
You feel extremely strange.
You feel insulated. The swamp worm closely misses you.
Unknown command.
Unknown command.
You hit the swamp worm. You claw the swamp worm.
Your headbutt misses the swamp worm.
The swamp worm is lightly wounded.
The swamp worm bites you!!
* * * LOW HITPOINT WARNING * * *
You feel better. The swamp worm misses you.
Aiming: Mindburst
Press: ? - help, Shift-Dir - straight line, f - swamp worm
Aim: a swamp worm (thin mist, lightly wounded, chance to affect: 72%)
The swamp worm's mind is blasted!
The swamp worm bites you!
You die...

...# ##............. #..##
♣............. ....#
♣♣♣♣...........# ##..#
§§~♣♣........... ....##
§§≈♣#.........#P .∩...####
§§§♣♣#........## .#...##.##
§≈♣♣♣#......####
#..#..#..#####♣♣♣w♣♣...........#.
######..........@....####.#PP....
#.....######...### #.####...
##.....# #....# ### ####
##..#..### ......# # #....#...#
##....# #P..#.#### ...## #..####
#..# ##.# ..# P.#


You could see a swamp worm.

Vanquished Creatures
  Fannar (D:11)
  A catoblepas (Lair:1)
  A two-headed ogre (D:9)
  Sonja (D:10)
  2 ugly things
  A cyclops (D:11)
  Maurice (D:9)
  A black mamba (Lair:2)
  5 cane toads (Lair:1)
  A komodo dragon (Lair:1)
  Maggie (D:10)
  3 unseen horror skeletons (D:9)
  A troll (D:10)
  A hornet (D:9)
  7 blink frogs (Lair:1)
  2 shadows
  22 yaks
  7 vampire mosquitoes (D:11)
  2 basilisks
  A steam dragon (D:8)
  Menkaure (D:4)
  Edmund (D:4)
  2 swamp worms (Lair:2)
  2 acid dragons
  2 water moccasins
  2 orc warriors
  2 black bears
  An ice beast (D:8)
  2 sky beasts
  An ogre (D:6)
  3 centaurs
  3 kobold brigands
  A necrophage (D:7)
  3 bullfrogs
  A gnoll sergeant (D:11)
  7 wights
  3 killer bees
  A howler monkey (D:5)
  A spectral centaur (D:9)
  A jelly (D:6)
  3 orc priests
  A gnoll bouda (D:5)
  6 hounds
  3 iguanas
  8 orc wizards
  A howler monkey zombie (D:9)
  7 gnolls
  9 adders
  2 white imps
  An ufetubus (D:6)
  2 worms
  2 dart slugs
  28 orcs
  7 endoplasms
  3 giant cockroaches
  6 goblins
  4 hobgoblins
  3 jackals (D:2)
  22 kobolds
  4 quokkas
  4 ball pythons
  3 bats
  3 frilled lizards
  6 rats
240 creatures vanquished.

Vanquished Creatures (collateral kills)
  An orc knight (D:10)
1 creature vanquished.

Vanquished Creatures (others)
  A hobgoblin (D:3)
  10 fungi
  4 plants
15 creatures vanquished.

Grand Total: 256 creatures vanquished

Notes
Turn   | Place    | Note
-------+----------+-------------------------------------------
     0 | D:1      | barkas the Demigod Reaver began the quest for the Orb.
     0 | D:1      | Reached XP level 1. HP: 17/17 MP: 5/5
   202 | D:1      | Reached skill level 3 in Maces & Flails
   284 | D:1      | Reached XP level 2. HP: 10/24 MP: 7/7
   690 | D:1      | You fall into a shaft and drop 1 floor!
  1049 | D:2      | Learned a level 2 spell: Momentum Strike
  1264 | D:2      | Found Fiygoc's Armour Shoppe.
  1283 | D:2      | Reached XP level 3. HP: 26/27 MP: 6/8
  1448 | D:2      | Found Kiaqinku's Distillery.
  1488 | D:2      | Bought a potion of curing for 30 gold pieces
  1572 | D:2      | Found Cysch's Armour Boutique.
  1783 | D:2      | Found Xasero's Antique Weapon Shop.
  2103 | D:3      | Reached XP level 4. HP: 27/27 MP: 9/9
  2263 | D:3      | Reached skill level 4 in Maces & Flails
  2872 | D:4      | Noticed hikkokomori's ghost (amateur DECj)
  2901 | D:4      | Reached skill level 1 in Necromancy
  2982 | D:4      | Reached skill level 1 in Translocations
  2982 | D:4      | Reached XP level 5. HP: 16/36 MP: 4/11
  3159 | D:4      | Noticed Edmund
  3163 | D:4      | Killed Edmund
  3248 | D:4      | Noticed Menkaure
  3260 | D:4      | Killed Menkaure
  3261 | D:4      | Reached XP level 6. HP: 24/51 MP: 11/13
  3418 | D:4      | Reached skill level 5 in Maces & Flails
  3565 | D:4      | Learned a level 1 spell: Beastly Appendage
  3623 | D:4      | Found a transporter.
  3698 | D:4      | Noticed a +0 hand axe
  3698 | D:4      | Noticed a +0 hand axe
  3945 | D:5      | Entered Level 5 of the Dungeon
  3964 | D:5      | Reached skill level 1 in Transmutations
  4045 | D:5      | Reached XP level 7. HP: 45/58 MP: 12/14
  4132 | D:5      | Found a staircase to the Ecumenical Temple.
  4306 | D:5      | Reached skill level 6 in Maces & Flails
  4929 | D:6      | Reached XP level 8. HP: 61/67 MP: 11/15
  5009 | D:6      | Reached skill level 7 in Maces & Flails
  5074 | D:6      | Reached skill level 5 in Fighting
  5101 | D:6      | HP: 2/47 [orc warrior/+0 glaive (16)]
  5615 | D:6      | Learned a level 3 spell: Hailstorm
  5619 | D:6      | Learned a level 3 spell: Tukima's Dance
  5622 | D:6      | Learned a level 2 spell: Wereblood
  6217 | D:7      | Reached skill level 8 in Maces & Flails
  7278 | D:8      | Reached XP level 9. HP: 73/75 MP: 16/16
  8061 | D:9      | Reached skill level 9 in Maces & Flails
  8211 | D:9      | Noticed Maurice
  8218 | D:9      | Killed Maurice
  8219 | D:9      | Reached skill level 1 in Hexes
  8265 | D:9      | Noticed a two-headed ogre
  8274 | D:9      | Killed a two-headed ogre
  8378 | D:9      | Identified the +2 quarterstaff of the Charming Gods {heavy,
                  | rElec SInv Stlth-}
  8749 | D:9      | Reached skill level 10 in Maces & Flails
  8811 | D:9      | Noticed a glowing orange brain
  8981 | D:9      | Identified the +1 dagger of Hitaeza {venom, MP+9}
  9007 | D:9      | Reached XP level 10. HP: 59/86 MP: 19/19
  9213 | D:10     | Entered Level 10 of the Dungeon
  9257 | D:9      | Noticed a shock serpent
  9257 | D:9      | Noticed a faun
  9324 | D:9      | a shock serpent changed into a deep troll
  9324 | D:9      | Noticed a deep troll (shapeshifter)
  9335 | D:9      | a deep troll changed into an elephant
  9335 | D:9      | Noticed an elephant (shapeshifter)
  9338 | D:9      | Noticed an orb spider
  9353 | D:9      | an orb spider changed into a floating eye
  9384 | D:9      | a floating eye changed into a salamander
  9384 | D:9      | Noticed a salamander (shapeshifter)
  9390 | D:9      | Noticed an elephant
  9528 | D:9      | Noticed a guardian serpent
  9766 | D:9      | a culicivora changed into a black mamba
  9766 | D:9      | Noticed a black mamba (shapeshifter)
  9976 | D:10     | Noticed Maggie
  9983 | D:10     | Killed Maggie
  9984 | D:10     | Reached skill level 11 in Maces & Flails
  9984 | D:10     | Reached skill level 5 in Spellcasting
 10446 | D:9      | a wind drake changed into a guardian serpent
 10446 | D:9      | Noticed a guardian serpent (shapeshifter)
 10458 | D:10     | Noticed Sonja
 10465 | D:9      | a guardian serpent changed into a meliai
 10476 | D:10     | Killed Sonja
 10687 | D:11     | Noticed a brown ugly thing
 10843 | D:11     | Identified the +0 leather armour of Gozag's Favour {*Slow
                  | Fly rElec Dex+6}
 10866 | D:11     | Noticed a cyclops
 10882 | D:11     | Reached skill level 12 in Maces & Flails
 10933 | D:11     | Killed a brown ugly thing
 10934 | D:11     | Reached XP level 11. HP: 92/95 MP: 13/22
 11070 | D:11     | Noticed Fannar
 11084 | D:11     | Killed Fannar
 11130 | D:10     | Noticed an orc knight
 11172 | D:10     | HP: 4/95 [orc knight (10)]
 11179 | D:10     | Killed an orc knight
 11754 | D:11     | Identified the amulet of Mirth {Spirit *Corrode rF++ rN+
                  | Will+}
 12098 | D:11     | Found a staircase to the Lair.
 12193 | D:11     | Reached skill level 13 in Maces & Flails
 12467 | D:11     | Learned a level 4 spell: Sticky Flame
 12474 | Lair:1   | Entered Level 1 of the Lair of Beasts
 12569 | Lair:1   | Reached skill level 1 in Shields
 12569 | Lair:1   | Reached skill level 1 in Fire Magic
 12863 | Lair:1   | You fall into a shaft and drop 1 floor!
 12887 | Lair:2   | Noticed an eight-headed hydra
 13460 | Lair:1   | Noticed a catoblepas
 13488 | Lair:1   | Killed a catoblepas
 13489 | Lair:1   | Reached skill level 5 in Conjurations
 13859 | Lair:2   | Noticed an eight-headed hydra
 14038 | Lair:2   | Found a staircase to the Swamp.
 14058 | Lair:2   | Gained mutation: You are resistant to electric shocks.
                  | (rElec) [potion of mutation]
 14059 | Lair:2   | HP: 1/97 [swamp worm (23)]
 14061 | Lair:2   | Slain by a swamp worm

Illustrated notes

Levels and vault maps discovered:
D:1:      minmay_arrival_diagonal_passages, layout_loops_ring, serial_rivers,
          chequers_serial_rivers_marsh, chequers_serial_rivers_room_b,
          chequers_serial_rivers_micro_e, chequers_serial_rivers_large_a,
          chequers_serial_rivers_micro_b, chequers_serial_rivers_marsh,
          minmay_misc_feat_chi
D:2:      layout_basic, serial_shops, shop, nicolae_shop_advertising_works
          [nicolae_subvault_shop_adworks], nicolae_shop_stone, shop
D:3:      layout_loops_ring, fedhas_altar_1, lemuel_crystal_altar
D:4:      layout_loops_ring, dancing_weapons_uskayaw, gammafunk_ghost_mausoleum,
          uniq_edmund, uniq_menkaure
D:5:      layout_loops_ring, minmay_temple_entry_statues_pillars
D:6:      layout_loops_ring, mainiacjoe_overflow_brackets
D:7:      layout_rooms
D:8:      layout_loops_ring, nicolae_gozag_seed_capital,
          mainiacjoe_overflow_chevrons, small_statue_intersection,
          nicolae_eternal_life
D:9:      layout_loops_ring, overflow_temple_1_default, xom_shifter_show,
          abandoned_shop, hangedman_weighted_door, uniq_maurice
D:10:     kennysheep_big_flooded_room, layout_cross,
          nicolae_overflow_crystal_walls, serial_glass, glass_columns_a,
          glass_columns_c, uniq_maggie, uniq_sonja
D:11:     layout_gridville, david_lair_generic, uniq_fannar
Lair:1:   layout_roguey, minivault_27
Lair:2:   layout_cave_pods, minmay_swamp_entry_worms, gauntlet_entry_generic,
          lemuel_fruit_tree

Skill      XL: |  1  2  3  4  5  6  7  8  9 10 11 |
---------------+----------------------------------+-----
Fighting       | 2 3 4 6 7 8 9 |  9.5
Maces & Flails | 3 4 5 6 8 10 12 13 | 13.3
Spellcasting   | 2 3 4 5 |  5.0
Necromancy     | 1 |  1.0
Conjurations   | 3 4 5 |  5.1
Translocations | 1 |  1.0
Transmutations | 1 2 |  2.0
Hexes          | 3 |  3.0
Shields        | 3 |  3.0
Fire Magic     | 3 |  3.0
Dodging        | |  1.7

Action                     |  1- 3 |  4- 6 |  7- 9 | 10-12 || total
---------------------------+-------+-------+-------+-------++-------
  Melee: Mace              |   148 |    72 |       |       ||   220
         Punch             |       |     3 |       |       ||     3
         Dire flail        |       |    58 |   187 |   240 ||   485
         Kick              |       |       |    33 |   134 ||   167
         Headbutt          |       |       |    30 |    73 ||   103
         Whip              |       |       |       |   184 ||   184
   Cast: Kiss of Death     |     3 |     2 |     3 |       ||     8
         Momentum Strike   |       |    11 |     4 |     1 ||    16
         Beastly Appendage |       |       |    30 |    42 ||    72
         Wereblood         |       |       |     3 |     9 ||    12
         Tukima's Dance    |       |       |     3 |     4 ||     7
         Hailstorm         |       |       |     2 |     6 ||     8
  Evoke: Wand              |       |     9 |    10 |    13 ||    32
    Use: Scroll            |       |     5 |     1 |    19 ||    25
         Potion            |       |       |     2 |     9 ||    11
   Stab: Sleeping          |       |     1 |       |       ||     1
         Paralysed         |       |       |     3 |    11 ||    14
         Invisible         |       |       |       |     3 ||     3
 Armour: Leather armour    |    47 |    30 |    49 |    15 ||   141
         Acid dragon scale |       |       |       |    48 ||    48
  Dodge: Dodged            |    93 |    52 |   114 |   268 ||   527
         Repelled          |       |     1 |     3 |     1 ||     5
  Block: Buckler           |       |       |       |    18 ||    18

Table legend: (Time is in decaauts)
 A = Elapsed time spent in this place.
 B = Non-inter-level travel time spent in this place.
 C = Inter-level travel time spent in this place.
 D = Time resting spent in this place.
 E = Time spent auto-exploring this place.
 F = Levels seen in this place.
 G = Mean time per level.
                   A        B        C        D        E       F      G
               +--------+--------+--------+--------+--------+-----+--------+
         Total |  13990 |  13145 |    845 |   2592 |   7580 |  13 | 1076.2 |
       Dungeon |  12487 |  11732 |    755 |   2280 |   6863 |  11 | 1135.2 |
          Lair |   1502 |   1412 |     90 |    312 |    717 |   2 |  751.0 |
               +--------+--------+--------+--------+--------+-----+--------+

Top non-repeatable levels by time:
     D:9: 2118 daAuts
    D:11: 1529 daAuts
  Lair:1: 1223 daAuts
     D:8: 1163 daAuts
     D:2: 1152 daAuts
     D:4: 1144 daAuts
     D:6: 1113 daAuts
     D:1: 1057 daAuts
    D:10: 877 daAuts
     D:5: 817 daAuts
     D:7: 805 daAuts
     D:3: 707 daAuts
  Lair:2: 279 daAuts
